Map: Wolfe Industries Compound

Players

JohnMcClane - Winner!

  • Race: Zerg Zerg
  • League: Silver
  • Spawn Location: 3:00

Hindulaatti - Winner!

  • Race: Protoss Protoss
  • Spawn Location: 12:00

llllllllllll

  • Race: Protoss Protoss
  • Spawn Location: 7:00

prototype

  • Race: Protoss Protoss
  • Spawn Location: 7:00

VOD

Have the link to the VOD?

Description

Time

  • Played on: Feb. 2, 2016, 5:43 a.m.
  • Length: 5:58
Show
View Real Time Build Order
Export as new Build Order

JohnMcClane Zerg - Winner!

Build Orders: Pool First 

Get SALT Encoding   

  12  0:05  Drone  
  13  0:17  Overlord  
  13  0:25  Drone  
  14  0:36  Drone  
  14  0:37  Drone  
  14  0:41  Drone  
  17  0:52  Drone  
  18  1:02  Drone  
  19  1:05  Spawning Pool  
  18  1:16  Hatchery  
  17  1:20  Drone, Extractor  
  17  1:24  Drone  
  18  1:38  Drone  
  19  1:53  Queen  
  21  1:54  Overlord  
  21  2:06  Hatchery  
  20  2:12  Zergling x2  
  21  2:18  Zergling x4  
  21  2:22  Metabolic Boost  
  23  2:32  Queen  
  25  2:46  Zergling x8  
  29  2:59  Overlord  
  29  3:04  Spore Crawler  
  28  3:17  Zergling x10  
  33  3:34  Zergling x2  
  33  3:40  Zergling x16  
  39  3:51  Queen  
  39  3:53  Overlord  
  40  4:19  Zergling x2  
  40  4:20  Zergling x18  
  48  4:27  Spore Crawler  
  48  4:31  Drone x2  
  49  4:44  Drone  
  49  4:45  Drone x4  
  50  5:12  Drone x6, Overlord  
  50  5:13  Overlord x2  
  54  5:16  Extractor  
  54  5:19  Extractor  
  46  5:35  Evolution Chamber  
  46  5:37  Drone  
  46  5:38  Drone x8  
  46  5:40  Evolution Chamber  
  52  5:55  Spore Crawler  
Show
View Real Time Build Order
Export as new Build Order

Hindulaatti Protoss - Winner!

Build Orders:  

Get SALT Encoding   

  12  0:02  Probe (Chrono Boost)  
  13  0:12  Probe (Chrono Boost)  
  14  0:23  Probe (Chrono Boost)  
  14  0:24  Pylon  
  15  0:42  Probe (Chrono Boost)  
  16  0:49  Gateway  
  16  0:52  Probe (Chrono Boost)  
  17  1:03  Probe (Chrono Boost)  
  18  1:08  Assimilator  
  18  1:13  Probe (Chrono Boost)  
  19  1:24  Probe (Chrono Boost)  
  20  1:31  Pylon  
  20  1:35  Probe (Chrono Boost)  
  20  1:36  Cybernetics Core  
  21  1:43  Assimilator  
  21  2:01  Nexus  
  21  2:04  Probe (Chrono Boost)  
  22  2:13  Stalker, Warp Gate  
  24  2:19  Probe (Chrono Boost)  
  25  2:33  Robotics Facility  
  25  2:37  Pylon  
  25  2:45  Stalker  
  27  2:58  Probe (Chrono Boost)  
  28  3:13  Gateway  
  28  3:15  Gateway  
  28  3:18  Pylon  
  28  3:28  Immortal  
  28  3:34  Probe (Chrono Boost)  
  33  3:47  Probe (Chrono Boost)  
  33  3:48  Probe (Chrono Boost)  
  35  3:55  Stalker  
  37  3:58  Probe (Chrono Boost)  
  38  4:19  Probe (Chrono Boost)  
  38  4:20  Immortal  
  38  4:21  Probe (Chrono Boost)  
  44  4:30  Probe (Chrono Boost)  
  45  4:38  Stalker x2  
  45  4:44  Pylon  
  45  4:47  Stalker  
  45  4:50  Probe (Chrono Boost)  
  48  4:53  Probe (Chrono Boost)  
  48  4:59  Gateway  
  49  5:01  Probe (Chrono Boost)  
  49  5:03  Gateway  
  49  5:05  Immortal  
  54  5:08  Stalker x2  
  54  5:12  Stalker  
  60  5:33  Adept x2  
  60  5:35  Adept  
Show
View Real Time Build Order
Export as new Build Order

llllllllllll Protoss 

Build Orders: 1 Gate Expand 

Get SALT Encoding   

  12  0:02  Probe (Chrono Boost)  
  13  0:12  Probe (Chrono Boost)  
  14  0:19  Pylon  
  14  0:23  Probe (Chrono Boost)  
  15  0:37  Probe (Chrono Boost)  
  15  0:38  Gateway  
  16  0:43  Assimilator  
  16  0:47  Probe (Chrono Boost)  
  17  0:58  Probe (Chrono Boost)  
  18  1:09  Probe (Chrono Boost)  
  19  1:23  Nexus  
  20  1:25  Probe (Chrono Boost)  
  20  1:36  Cybernetics Core  
  20  1:39  Probe (Chrono Boost)  
  21  1:45  Assimilator  
  21  1:50  Probe (Chrono Boost)  
  22  1:57  Pylon  
  23  2:01  Probe (Chrono Boost)  
  23  2:12  Warp Gate  
  23  2:15  Mothership Core (Chrono Boost), Adept  
  27  2:26  Pylon  
  27  2:33  Probe (Chrono Boost)  
  28  2:37  Probe (Chrono Boost)  
  28  2:42  Adept  
  32  2:44  Probe (Chrono Boost)  
  32  2:48  Robotics Facility  
  32  2:52  Probe (Chrono Boost)  
  32  2:56  Probe (Chrono Boost)  
  34  3:03  Twilight Council  
  34  3:06  Probe (Chrono Boost)  
  34  3:09  Probe (Chrono Boost)  
  36  3:24  Probe x2 (Chrono Boost)  
  38  3:29  Gateway, Resonating Glaives  
  38  3:31  Gateway  
  36  3:40  Warp Prism (Chrono Boost)  
  38  3:41  Gateway  
  38  3:48  Gateway  
  38  3:51  Pylon  
  20  5:01  Adept  
  17  5:32  Adept x2  
Show
View Real Time Build Order
Export as new Build Order

prototype Protoss 

Build Orders: Nexus First, Oracle Opening 

Get SALT Encoding   

  12  0:01  Probe (Chrono Boost)  
  13  0:11  Probe (Chrono Boost)  
  14  0:22  Probe (Chrono Boost)  
  14  0:24  Pylon  
  15  0:42  Probe (Chrono Boost)  
  16  0:53  Probe (Chrono Boost)  
  17  0:59  Nexus  
  17  1:09  Gateway  
  17  1:12  Probe (Chrono Boost)  
  18  1:23  Assimilator, Probe (Chrono Boost)  
  19  1:29  Assimilator  
  19  1:33  Probe (Chrono Boost)  
  20  1:43  Pylon  
  20  1:44  Probe (Chrono Boost)  
  21  1:54  Probe (Chrono Boost)  
  21  2:00  Cybernetics Core  
  22  2:05  Probe (Chrono Boost)  
  23  2:15  Probe x2 (Chrono Boost)  
  25  2:22  Gateway  
  25  2:25  Probe (Chrono Boost)  
  25  2:26  Probe (Chrono Boost)  
  27  2:36  Probe x2 (Chrono Boost)  
  29  2:46  Assimilator x2  
  29  2:47  Probe (Chrono Boost)  
  29  2:51  Probe (Chrono Boost)  
  30  2:56  Stargate  
  30  2:57  Probe (Chrono Boost)  
  31  3:00  Stargate  
  31  3:03  Probe (Chrono Boost)  
  32  3:08  Pylon, Probe (Chrono Boost)  
  33  3:13  Probe (Chrono Boost)  
  33  3:18  Probe (Chrono Boost)  
  35  3:24  Probe (Chrono Boost)  
  36  3:28  Probe (Chrono Boost)  
  36  3:32  Forge  
  37  3:34  Probe (Chrono Boost)  
  37  3:37  Warp Gate (Chrono Boost)  
  37  3:39  Probe  
  39  3:42  Oracle (Chrono Boost)  
  39  3:44  Oracle (Chrono Boost)  
  39  3:46  Probe  
  46  3:51  Stalker  
  48  3:56  Pylon  
  48  3:58  Mothership Core  
  50  4:12  Photon Cannon  
  50  4:14  Phoenix (Chrono Boost)  
  50  4:15  Photon Cannon  
  52  4:42  Phoenix x2 (Chrono Boost)  
  56  4:46  Twilight Council  
  56  4:48  Gateway  
  56  4:50  Gateway  
  56  4:52  Gateway  
  54  4:56  Gateway x2  
  54  5:05  Void Ray (Chrono Boost)  
  54  5:08  Void Ray (Chrono Boost)  
Tags
 
Add a new tag
Caveats
  • Supply blocks, unpowered buildings, or Contaminate may cause inaccurate times.
  • Supply counts are checked every 10 seconds.